[Event "Titled Tuesday Blitz April 19 Early 2022"]
[White "Chen, Qi b"]
[Black "Esipenko, Andrey"]
[WhiteFideId "8614733"]
[BlackFideId "24175439"]
[WhiteElo "2432"]
[BlackElo "2617"]
[Result "1-0"]
[Round "03"]
[TimeControl "180+1"]
[Date "2022.04.19"]
[WhiteClock "0:00:07"]
[BlackClock "0:00:15"]

1. e4 c5 2. Nf3 d6 3. d4 cxd4 4. Nxd4 Nf6 5. Nc3 a6 6. b3 e6 7. Bb2 b5 8. f3 Bb7 9. Qd2 Nbd7 10. g4 Qc7 11. g5 Nh5 12. Nce2 Rc8 13. O-O-O d5 14. Bh3 Nc5 15. Bg4 g6 16. Nxe6 Nxe6 17. Bxh8 Ba3+ 18. Kb1 dxe4 19. Rhe1 Kf8 20. Bxe6 fxe6 21. Nd4 Kg8 22. Bf6 e5 23. Ne6 Qc6 24. Nd8 Qc7 25. Nxb7 Qxb7 26. Rxe4 Nxf6 27. gxf6 Qf7 28. Qd5 Qxd5 29. Rxd5 Kf7 30. Rdxe5 Rd8 31. Re1 Bb4 32. Rf1 Kxf6 33. Re4 Bc3 34. Re3 b4 35. f4 Kf5 36. Rg3 h6 37. Rd3 Re8 38. Rd5+ Kg4 39. Rd6 Kh5 40. Rxa6 Re2 41. Ra5+ Kh4 42. Ra6 Rg2 43. a3 Kh3 44. axb4 Bxb4 45. Rc6 Kxh2 46. f5 gxf5 47. Rxh6+ Kg3 48. Rg6+ Kh3 49. Rxg2 Kxg2 50. Rxf5 1-0


[Site "https://www.chess.com"]

[Event "Titled Tuesday Blitz April 19 Early 2022"]
[White "Cherniaiev, Tykhon"]
[Black "Dreev, Aleksey"]
[WhiteFideId "14182360"]
[BlackFideId "4100107"]
[WhiteElo "2289"]
[BlackElo "2625"]
[Result "1/2-1/2"]
[Round "03"]
[TimeControl "180+1"]
[Date "2022.04.19"]
[WhiteClock "0:00:20"]
[BlackClock "0:00:05"]

1. Nf3 d5 2. c4 c6 3. e3 Nf6 4. d4 Bg4 5. Bd3 e6 6. Nbd2 Nbd7 7. O-O Bd6 8. e4 dxe4 9. Nxe4 Nxe4 10. Bxe4 Nf6 11. Bc2 Qc7 12. h3 Bh5 13. Qe2 Bf4 14. Be3 O-O 15. Rad1 Rad8 16. Rfe1 Rfe8 17. a3 a6 18. Rd2 Re7 19. Bxf4 Qxf4 20. Qe5 Qxe5 21. dxe5 Rxd2 22. Nxd2 Nd7 23. f4 Nb6 24. c5 Nd5 25. g4 Bg6 26. f5 exf5 27. gxf5 Bh5 28. Nc4 g6 29. Nd6 gxf5 30. Nxf5 Re6 31. Nd6 Bg6 32. Bb3 Re7 33. Bxd5 cxd5 34. Kf2 d4 35. b4 d3 36. a4 d2 37. Rd1 Bc2 38. Rxd2 Bxa4 39. Re2 Bc6 40. Kg3 Re6 41. Kf4 Rh6 42. Kg3 Rg6+ 43. Kf4 Rg1 44. Nf5 Kf8 45. Rd2 Ke8 46. Nd6+ Ke7 47. Nf5+ Ke8 48. Nd6+ Kf8 49. Nf5 Ke8 1/2-1/2


[Site "https://www.chess.com"]

[Event "Titled Tuesday Blitz April 19 Early 2022"]
[White "Chernobay, Artem"]
[Black "Buscar, Michael"]
[WhiteFideId "4167406"]
[BlackFideId "2603616"]
[WhiteElo "2473"]
[BlackElo "2010"]
[Result "1-0"]
[Round "03"]
[TimeControl "180+1"]
[Date "2022.04.19"]
[WhiteClock "0:00:21"]
[BlackClock "0:00:09"]

1. e4 c5 2. Nf3 Nc6 3. d4 cxd4 4. Nxd4 Nf6 5. Nc3 e5 6. Ndb5 h6 7. Nd6+ Bxd6 8. Qxd6 Qe7 9. Qd1 O-O 10. Bd3 Rd8 11. O-O d5 12. Nxd5 Nxd5 13. exd5 Nb4 14. c4 e4 15. Be2 Bf5 16. Be3 Nd3 17. Qd2 Qf6 18. b3 Rac8 19. f3 Qg6 20. fxe4 Bxe4 21. Bf3 b5 22. Rad1 bxc4 23. bxc4 Ne5 24. Bxe4 Qxe4 25. Rf4 Qg6 26. c5 Rd7 27. d6 Qe6 28. Qd5 Qxd5 29. Rxd5 Nc6 30. Rd3 Re8 31. Kf2 f6 32. Rb3 Kf7 33. Ra4 Ne5 34. h3 Rc8 35. Rab4 Ke6 36. Ke2 Rc6 37. Rb8 Ra6 38. a3 Nc6 39. Re8+ Kf7 40. Re4 Ne5 41. Bf4 Nc6 42. g4 Ra5 43. Be3 Ne5 44. Reb4 Nc6 45. Rb7 Ke6 46. Rxd7 Kxd7 47. Rb7+ Ke6 48. Rc7 Ne5 49. Re7+ Kd5 50. Rxe5+ Kxe5 51. d7 Rxa3 52. d8=Q Ra2+ 53. Kf3 Ra6 54. Bf4+ Ke6 55. Qc8+ 1-0


[Site "https://www.chess.com"]

[Event "Titled Tuesday Blitz April 19 Early 2022"]
[White "Chernomordik, Pavel"]
[Black "Krylov, Ivan"]
[WhiteFideId "2804530"]
[BlackFideId "24128066"]
[WhiteElo "2220"]
[BlackElo "2258"]
[Result "1-0"]
[Round "03"]
[TimeControl "180+1"]
[Date "2022.04.19"]
[WhiteClock "0:00:06"]
[BlackClock "0:00:02"]

1. e4 c6 2. Nc3 d5 3. Nf3 Bg4 4. h3 Bxf3 5. Qxf3 e6 6. Qg3 Nf6 7. e5 Nfd7 8. f4 c5 9. Be2 a6 10. O-O Nc6 11. d3 b5 12. f5 b4 13. Nb1 exf5 14. Rxf5 Qe7 15. Bg5 Qe6 16. Bg4 Qg6 17. Rf1 Ndxe5 18. Re1 Bd6 19. Bf4 O-O 20. Nd2 Rae8 21. Nf3 Nxf3+ 22. Qxf3 Nd4 23. Qf2 Bxf4 24. Qxf4 Nxc2 25. Rxe8 Rxe8 26. Rf1 h5 27. Bd7 Rf8 28. Bf5 Qf6 29. Qd2 Qxb2 30. Qg5 g6 31. Bxg6 fxg6 32. Qxg6+ Qg7 33. Qe6+ Rf7 34. Qxd5 1-0


[Site "https://www.chess.com"]

[Event "Titled Tuesday Blitz April 19 Early 2022"]
[White "Chigaev, Maksim"]
[Black "Nareks, Matic"]
[WhiteFideId "4108116"]
[BlackFideId "14629526"]
[WhiteElo "2478"]
[BlackElo "2147"]
[Result "1-0"]
[Round "03"]
[TimeControl "180+1"]
[Date "2022.04.19"]
[WhiteClock "0:01:54"]
[BlackClock "0:01:23"]

1. e4 d5 2. exd5 Qxd5 3. Nc3 Qa5 4. d4 Nf6 5. Nf3 Bf5 6. Bc4 e6 7. O-O c6 8. Bd2 Qc7 9. Re1 Be7 10. h3 h6 11. Ne5 Nbd7 12. Bf4 Bd6 13. Qf3 O-O-O 14. Bg3 Nd5 15. Nxf7 Bxg3 16. Qxg3 Qxg3 17. fxg3 Rhf8 18. Nxd8 Kxd8 19. Bxd5 exd5 20. Rf1 Bxc2 21. Rxf8+ Nxf8 22. Kf2 Ne6 23. Ke3 Kd7 24. b4 a6 25. a4 Nc7 26. Rf1 Ke7 27. Rf2 Bg6 28. a5 Ne6 29. Na4 Ng5 30. Nc5 Ne4 31. Rb2 Nd6 32. Kf4 Bf7 33. Re2+ Kf6 34. Nd7+ Kg6 35. Re7 Be8 36. Nc5 Bf7 37. g4 Kf6 38. Rd7 Nb5 39. Ke3 Na3 40. Rxb7 Nc4+ 41. Kf2 h5 42. gxh5 Bxh5 43. g4 Be8 44. Nxa6 Nd2 45. Nc5 1-0


[Site "https://www.chess.com"]

[Event "Titled Tuesday Blitz April 19 Early 2022"]
[White "Costachi, Mihnea"]
[Black "Ljukin, Sergei"]
[WhiteFideId "1217518"]
[BlackFideId "14102200"]
[WhiteElo "2476"]
[BlackElo "2312"]
[Result "0-1"]
[Round "03"]
[TimeControl "180+1"]
[Date "2022.04.19"]
[WhiteClock "0:02:29"]
[BlackClock "0:01:07"]

1. e4 e6 2. Qe2 Be7 3. b3 d5 4. Bb2 Nf6 5. exd5 exd5 6. d3 O-O 7. Nd2 Re8 8. O-O-O Ba3 9. Qf3 Bxb2+ 10. Kxb2 Bg4 11. Qf4 Bxd1 12. f3 a5 13. Kc1 Re1 14. Qh4 Qe7 15. Ne2 Qa3+ 16. Kb1 Bxc2+ 17. Kxc2 Qxa2+ 18. Kc3 Qa1+ 19. Kc2 Qd1+ 20. Kc3 Qa1+ 21. Kc2 Nc6 0-1


[Site "https://www.chess.com"]

[Event "Titled Tuesday Blitz April 19 Early 2022"]
[White "Cramling Bellon, Anna"]
[Black "Orlov, Georgi"]
[WhiteFideId "32009232"]
[BlackFideId "2011271"]
[WhiteElo "1905"]
[BlackElo "2526"]
[Result "0-1"]
[Round "03"]
[TimeControl "180+1"]
[Date "2022.04.19"]
[WhiteClock "0:00:01"]
[BlackClock "0:00:11"]

1. d4 Nf6 2. c4 Nc6 3. Nc3 e5 4. dxe5 Nxe5 5. e3 Bb4 6. Nf3 Qe7 7. Be2 O-O 8. O-O Bxc3 9. bxc3 d6 10. Qd4 Nc6 11. Qh4 Qe4 12. Qxe4 Nxe4 13. Bd3 Nc5 14. Bc2 Na5 15. Nd2 Be6 16. Bb3 Rab8 17. Ba3 b6 18. Bb4 Nc6 19. Bxc5 dxc5 20. f4 Rfd8 21. Ne4 Na5 22. Rad1 Bxc4 23. Bxc4 Nxc4 24. Kf2 h6 25. g4 Nb2 26. Rxd8+ Rxd8 27. Ke2 Nc4 28. h4 f6 29. f5 Kf7 30. Ng3 Ne5 31. Nh5 c4 32. Nf4 Rd6 0-1


[Site "https://www.chess.com"]

[Event "Titled Tuesday Blitz April 19 Early 2022"]
[White "Czerw, Dawid"]
[Black "Jarocka, Liwia"]
[WhiteFideId "1145746"]
[BlackFideId "21807558"]
[WhiteElo "2125"]
[BlackElo "1896"]
[Result "0-1"]
[Round "03"]
[TimeControl "180+1"]
[Date "2022.04.19"]
[WhiteClock "0:00:08"]
[BlackClock "0:00:41"]

1. d4 Nf6 2. c4 c5 3. e3 cxd4 4. exd4 d5 5. Nc3 e6 6. Nf3 Nc6 7. Be3 Bb4 8. Bd3 O-O 9. O-O dxc4 10. Bxc4 b6 11. a3 Bxc3 12. bxc3 Bb7 13. Ba2 Rc8 14. Rc1 Na5 15. Qe2 Qd6 16. a4 Qd7 17. Ne5 Qxa4 18. Bb1 Qe8 19. Bg5 Nd5 20. c4 Ba6 21. Bd3 Ne7 22. Rc3 Ng6 23. Qh5 Nc6 24. Ng4 f6 25. Be3 f5 26. h3 fxg4 27. hxg4 Nce7 28. g5 Nd5 29. Be4 Nxc3 0-1


[Site "https://www.chess.com"]

[Event "Titled Tuesday Blitz April 19 Early 2022"]
[White "Dahlgren, James Allen"]
[Black "Rottenwohrer Suarez, Juan"]
[WhiteFideId "22256873"]
[BlackFideId "32068182"]
[WhiteElo "2096"]
[BlackElo "2158"]
[Result "0-1"]
[Round "03"]
[TimeControl "180+1"]
[Date "2022.04.19"]
[WhiteClock "0:02:01"]
[BlackClock "0:01:45"]

1. d3 Nf6 2. f4 g6 3. Nf3 Bg7 4. g3 O-O 5. Bg2 Nc6 6. O-O d6 7. c4 e5 8. Nc3 exf4 9. Bxf4 h6 10. e4 Bg4 11. Qd2 Kh7 12. h3 Bxf3 13. Rxf3 Nd4 14. Rf2 Nh5 15. Kh2 Nxf4 16. gxf4 c6 17. Re1 Qh4 18. e5 dxe5 19. fxe5 Rae8 20. Re4 Bxe5+ 21. Kg1 Qg3 22. Ne2 Nxe2+ 23. Rfxe2 f5 24. R4e3 Bd4 0-1


[Site "https://www.chess.com"]

[Event "Titled Tuesday Blitz April 19 Early 2022"]
[White "Di Nicolantonio, Lucas"]
[Black "Shipov, Sergei"]
[WhiteFideId "680460"]
[BlackFideId "4113624"]
[WhiteElo "2381"]
[BlackElo "2801"]
[Result "1-0"]
[Round "03"]
[TimeControl "180+1"]
[Date "2022.04.19"]
[WhiteClock "0:00:13"]
[BlackClock "0:00:02"]

1. d4 d5 2. Nf3 e6 3. e3 Nf6 4. Bd3 c5 5. O-O Nc6 6. c3 Bd6 7. Nbd2 O-O 8. dxc5 Bxc5 9. e4 Qc7 10. Qe2 h6 11. b4 Be7 12. Bb2 b6 13. Rac1 Bb7 14. a3 Rfd8 15. Rfe1 Qf4 16. e5 Nd7 17. c4 a5 18. cxd5 exd5 19. b5 Na7 20. e6 Nc5 21. exf7+ Qxf7 22. Qxe7 Nxd3 23. Qxf7+ Kxf7 24. Rc7+ Kf8 25. Ree7 Nxb2 26. Rf7+ Kg8 27. Rxg7+ Kh8 28. Ne5 Rd6 29. Rxb7 Nxb5 30. Ng6+ Rxg6 31. Rxg6 Nd3 32. Rxh6+ Kg8 33. Rhxb6 Nd4 34. Rg6+ Kf8 35. h4 Rc8 36. Rf6+ Kg8 37. Rg6+ Kf8 38. h5 Rc1+ 39. Kh2 Nxf2 40. Rf6+ Kg8 41. Rxf2 Rc2 42. h6 Ne6 43. h7+ Kh8 44. Rff7 Rxd2 45. Rb8+ Nf8 46. Rbxf8# 1-0


[Site "https://www.chess.com"]

[Event "Titled Tuesday Blitz April 19 Early 2022"]
[White "Dixit, Nikhil"]
[Black "D`Arruda, Ricardo D."]
[WhiteFideId "5059534"]
[BlackFideId "100692"]
[WhiteElo "2223"]
[BlackElo "2325"]
[Result "0-1"]
[Round "03"]
[TimeControl "180+1"]
[Date "2022.04.19"]
[WhiteClock "0:00:09"]
[BlackClock "0:00:53"]

1. e4 c5 2. Nf3 Nc6 3. b4 cxb4 4. d4 d6 5. d5 Ne5 6. Nxe5 dxe5 7. Nd2 Nf6 8. Nc4 e6 9. Nxe5 Bd6 10. Bb5+ Ke7 11. Nc4 Nxe4 12. Bb2 Nc3 13. Bxc3 bxc3 14. O-O exd5 15. Re1+ Be6 16. Qg4 dxc4 17. Rxe6+ Kf8 18. Re8+ Qxe8 19. Bxe8 Rxe8 20. Qd7 Be5 21. Qxb7 g6 22. g3 Kg7 23. Re1 Bd4 24. Rxe8 Rxe8 25. Qd7 Re1+ 26. Kg2 Rd1 27. Qc6 Rd2 28. Qxc4 Rxf2+ 29. Kh3 Rd2 30. a4 h5 31. g4 hxg4+ 32. Kxg4 Be5 33. Kf3 Rxh2 34. Qe4 Bf6 35. Qb7 Rxc2 36. Qxa7 Ra2 37. a5 c2 38. Qc7 Bg5 0-1


[Site "https://www.chess.com"]

[Event "Titled Tuesday Blitz April 19 Early 2022"]
[White "Dobre, Claudiu-Cristian"]
[Black "parintele_chess"]
[WhiteFideId "1211854"]
[WhiteElo "2207"]
[BlackElo "2249"]
[Result "1-0"]
[Round "03"]
[TimeControl "180+1"]
[Date "2022.04.19"]
[WhiteClock "0:00:11"]
[BlackClock "0:00:08"]

1. c4 c5 2. Nf3 Nf6 3. Nc3 Nc6 4. e4 d6 5. d4 cxd4 6. Nxd4 g6 7. f3 Bg7 8. Be3 O-O 9. Qd2 a6 10. Be2 Qc7 11. Rc1 Bd7 12. Nd5 Qd8 13. Nxc6 bxc6 14. Nb6 Rb8 15. Nxd7 Nxd7 16. b3 Qc7 17. O-O Rfd8 18. Rfd1 Nc5 19. Qe1 e5 20. Rb1 a5 21. Bd2 a4 22. b4 Ne6 23. b5 cxb5 24. cxb5 Qc2 25. Rdc1 Qxa2 26. Bc4 Qa3 27. Bb4 Qxc1 28. Rxc1 Nd4 29. Bd2 a3 30. Qd1 Rdc8 31. b6 Rxb6 32. Bxf7+ Kxf7 33. Rxc8 Ra6 34. Qf1 Ra7 35. Qc4+ Ne6 36. Qa2 Bf6 37. Rc3 Ke7 38. Be3 Rb7 39. Rxa3 Rb5 40. Ra7+ Kf8 41. Qxe6 1-0


[Site "https://www.chess.com"]

[Event "Titled Tuesday Blitz April 19 Early 2022"]
[White "Wagner, Dinara"]
[Black "Lou, Yiping"]
[WhiteFideId "24157570"]
[BlackFideId "8603928"]
[WhiteElo "2216"]
[BlackElo "2412"]
[Result "0-1"]
[Round "03"]
[TimeControl "180+1"]
[Date "2022.04.19"]
[WhiteClock "0:00:20"]
[BlackClock "0:00:36"]

1. d4 d5 2. c4 c6 3. Nf3 Nf6 4. g3 dxc4 5. Bg2 Bf5 6. O-O Nbd7 7. a4 e6 8. Na3 Bxa3 9. Rxa3 Be4 10. Bd2 O-O 11. Bh3 Bxf3 12. Rxf3 b5 13. Bg2 Rc8 14. Ra3 a6 15. axb5 axb5 16. Ra6 Nb8 17. Ra1 Qxd4 18. Qc2 Qc5 19. b3 Rfd8 20. Ba5 Rd7 21. Rfc1 h6 22. bxc4 bxc4 23. Qxc4 Rd1+ 24. Bf1 Qxc4 25. Rxd1 Nbd7 26. Rac1 Qa6 27. Bc3 c5 28. e3 c4 29. Bd4 e5 30. Bb2 Qe6 31. Rc2 Nb6 32. Rdc1 Ne4 33. Ba3 c3 34. f3 Nd2 35. Be2 Nd5 36. Kf2 Qb6 37. Rxd2 Qxe3+ 0-1


[Site "https://www.chess.com"]

[Event "Titled Tuesday Blitz April 19 Early 2022"]
[White "Ezat, Mohamed"]
[Black "Mika, Tomasz"]
[WhiteFideId "10600906"]
[BlackFideId "1132970"]
[WhiteElo "2386"]
[BlackElo "2116"]
[Result "1-0"]
[Round "03"]
[TimeControl "180+1"]
[Date "2022.04.19"]
[WhiteClock "0:00:19"]
[BlackClock "0:00:23"]

1. d4 d5 2. c4 e6 3. Nc3 c5 4. cxd5 exd5 5. Nf3 Nc6 6. g3 Nf6 7. Bg2 Be7 8. O-O O-O 9. Bg5 c4 10. Ne5 Be6 11. b3 Qa5 12. Bd2 Bb4 13. Rc1 Nxd4 14. a3 Bxa3 15. Nxd5 Qd8 16. Nxf6+ Qxf6 17. Bc3 Qxe5 18. Bxd4 Qd6 19. Rc2 cxb3 20. Rd2 Rfd8 21. Bxb7 Rab8 22. Rd3 Qc7 23. Be4 Qc2 24. Qa1 Bb2 25. Bxb2 f5 26. Rxd8+ Rxd8 27. Bxc2 1-0


[Site "https://www.chess.com"]

[Event "Titled Tuesday Blitz April 19 Early 2022"]
[White "Fedoseev, Vladimir"]
[Black "Molina, Roberto Junio Brito"]
[WhiteFideId "24130737"]
[BlackFideId "2109450"]
[WhiteElo "2726"]
[BlackElo "2432"]
[Result "1-0"]
[Round "03"]
[TimeControl "180+1"]
[Date "2022.04.19"]
[WhiteClock "0:01:32"]
[BlackClock "0:01:18"]

1. e4 c6 2. d4 d5 3. exd5 cxd5 4. Bd3 Nc6 5. c3 g6 6. Bf4 Bf5 7. Bxf5 gxf5 8. h3 e6 9. g4 fxg4 10. hxg4 Bd6 11. Ne2 Nge7 12. Nd2 Qc7 13. Bxd6 Qxd6 14. Nf3 f6 15. Qd3 O-O-O 16. O-O-O h6 17. Qe3 Rdg8 18. Rdg1 e5 19. Rxh6 e4 20. Nd2 Rxh6 21. Qxh6 Qe6 22. g5 Nf5 23. Qxf6 Qxf6 24. gxf6 Rxg1+ 25. Nxg1 Kd7 26. Nh3 e3 27. fxe3 Nxe3 28. Nf4 Nd8 29. Nf3 Kd6 30. Ne5 1-0


[Site "https://www.chess.com"]

[Event "Titled Tuesday Blitz April 19 Early 2022"]
[White "Fernandez Siles, Luis"]
[Black "Derjabin, Ilja"]
[WhiteFideId "2209420"]
[BlackFideId "14104768"]
[WhiteElo "2212"]
[BlackElo "2341"]
[Result "1-0"]
[Round "03"]
[TimeControl "180+1"]
[Date "2022.04.19"]
[WhiteClock "0:00:20"]
[BlackClock "0:00:07"]

1. e4 c5 2. Nc3 e6 3. g3 d5 4. exd5 exd5 5. d3 d4 6. Ne4 Nc6 7. Bg2 h6 8. Ne2 Nf6 9. Nxf6+ Qxf6 10. Nf4 Bd6 11. O-O O-O 12. Nd5 Qd8 13. c4 dxc3 14. bxc3 Bf5 15. Re1 Ne5 16. d4 cxd4 17. cxd4 Nd3 18. Re3 Nxc1 19. Rxc1 Be6 20. Qh5 Rc8 21. Rce1 b6 22. h4 Rc2 23. Rxe6 fxe6 24. Rxe6 Rcxf2 25. Be4 Bxg3 26. Ne7+ Qxe7 27. Rxe7 Rf1+ 28. Kg2 Be5 29. dxe5 R1f2+ 30. Kg3 Rf1 31. Rxg7+ 1-0


[Site "https://www.chess.com"]

[Event "Titled Tuesday Blitz April 19 Early 2022"]
[White "Fonseca Manrique, Enrique"]
[Black "De Souza, Cristiano Gomes"]
[WhiteFideId "5114330"]
[BlackFideId "2151758"]
[WhiteElo "2556"]
[BlackElo "2068"]
[Result "1-0"]
[Round "03"]
[TimeControl "180+1"]
[Date "2022.04.19"]
[WhiteClock "0:00:35"]
[BlackClock "0:01:21"]

1. e4 c5 2. Nf3 d6 3. d4 cxd4 4. Nxd4 Nf6 5. Nc3 a6 6. Bg5 e6 7. f4 Be7 8. Qf3 h6 9. Bh4 g5 10. fxg5 Nfd7 11. Bg3 Ne5 12. Bxe5 dxe5 13. g6 exd4 14. Qxf7+ Kd7 15. O-O-O Nc6 16. g7 Rg8 17. Bc4 Kc7 18. Rhf1 Bd7 19. Bxe6 Bxe6 20. Qxe6 Qd6 21. Nd5+ Kb8 22. Qxg8+ Ka7 23. Qf7 Ne5 24. g8=Q Nxf7 25. Qxf7 Bg5+ 26. Kb1 Rc8 27. Qf3 Qxh2 28. Qb3 Qd6 29. Rxd4 Qe5 30. Rf7 Rb8 31. Rb4 1-0


[Site "https://www.chess.com"]

[Event "Titled Tuesday Blitz April 19 Early 2022"]
[White "Friedel, Tom"]
[Black "Kaiyrbekov, Rustam"]
[WhiteFideId "2002108"]
[BlackFideId "13702424"]
[WhiteElo "2311"]
[BlackElo "2134"]
[Result "1-0"]
[Round "03"]
[TimeControl "180+1"]
[Date "2022.04.19"]
[WhiteClock "0:00:21"]
[BlackClock "0:00:03"]

1. e4 c5 2. Nf3 Nc6 3. Bb5 Nd4 4. Nxd4 cxd4 5. O-O e5 6. c3 Bc5 7. cxd4 Bxd4 8. Nc3 Qb6 9. Nd5 Qc5 10. d3 Nf6 11. Nxf6+ gxf6 12. Bc4 Rg8 13. Qf3 Ke7 14. Be3 d6 15. Bxd4 Qxd4 16. Rac1 Bg4 17. Qe3 Qxb2 18. Rb1 Qd4 19. Rxb7+ Bd7 20. Qxd4 exd4 21. Bxf7 Rg5 22. Bd5 Rc8 23. f4 Rg7 24. h3 Rc2 25. Rf2 Rc1+ 26. Kh2 h5 27. f5 h4 28. Be6 1-0


[Site "https://www.chess.com"]

[Event "Titled Tuesday Blitz April 19 Early 2022"]
[White "Gabrielian, Artur"]
[Black "Bluebaum, Matthias"]
[WhiteFideId "4131002"]
[BlackFideId "24651516"]
[WhiteElo "2440"]
[BlackElo "2550"]
[Result "0-1"]
[Round "03"]
[TimeControl "180+1"]
[Date "2022.04.19"]
[WhiteClock "0:00:05"]
[BlackClock "0:00:11"]

1. c4 e6 2. Nf3 d5 3. e3 Nf6 4. Nc3 Bd6 5. Qc2 O-O 6. b3 Re8 7. Bb2 c5 8. Be2 Nc6 9. O-O d4 10. exd4 cxd4 11. Nb5 e5 12. Nxd6 Qxd6 13. d3 Bf5 14. a3 a5 15. Nd2 Nd7 16. Rfe1 Qg6 17. Ne4 Bxe4 18. dxe4 Nc5 19. Bf1 Rad8 20. Rad1 Rd7 21. Bc1 Red8 22. Bd3 b6 23. Bd2 Rc8 24. Qb1 Nxd3 25. Qxd3 Nd8 26. b4 axb4 27. axb4 Ne6 28. Rc1 Rdc7 29. g3 h5 30. h4 Qg4 31. Kh2 Nf8 32. f3 Qe6 33. f4 Rxc4 34. fxe5 Rxc1 35. Rxc1 Rxc1 36. Bxc1 Qxe5 37. Bf4 Qf6 38. e5 Qd8 39. Qf3 Ne6 40. Bd2 g6 41. Kg2 d3 42. Qe4 Kg7 43. Kf2 Qd7 44. Ke3 Nc7 45. Qxd3 Nd5+ 46. Kf2 Qe6 47. b5 Qxe5 48. Kg2 Kh7 49. Qf3 Qe6 50. Qd3 Nf6 51. Qe3 Qd5+ 52. Kg1 Qxb5 53. Qe7 Qb1+ 54. Kg2 Qe4+ 55. Qxe4 Nxe4 56. Bb4 Kg7 57. Kf3 f5 58. Kf4 Kf6 59. Ba3 Ke6 60. Ke3 Kd5 61. Kf4 b5 62. Be7 Ke6 63. Bb4 Nf6 64. Kg5 Kf7 65. Ba5 Nd5 0-1


[Site "https://www.chess.com"]

[Event "Titled Tuesday Blitz April 19 Early 2022"]
[White "Garagulya, Konstantin"]
[Black "Pakleza, Zbigniew"]
[WhiteFideId "4128931"]
[BlackFideId "1119290"]
[WhiteElo "2329"]
[BlackElo "2467"]
[Result "0-1"]
[Round "03"]
[TimeControl "180+1"]
[Date "2022.04.19"]
[WhiteClock "0:00:01"]
[BlackClock "0:00:05"]

1. d4 d6 2. e4 Nf6 3. Nc3 c6 4. Nf3 Bg4 5. h3 Bh5 6. Bd3 e6 7. g4 Bg6 8. Be3 d5 9. exd5 cxd5 10. Ne5 Bxd3 11. Qxd3 Nc6 12. Qb5 Qc7 13. g5 Nd7 14. f4 a6 15. Qd3 g6 16. a3 Ne7 17. h4 h5 18. gxh6 Nf5 19. O-O-O Rxh6 20. Bf2 Nf6 21. Rdg1 O-O-O 22. Kb1 Kb8 23. Rh3 Rc8 24. Be1 Bd6 25. Bf2 Rh7 26. Rc1 Nh5 27. Qf3 Bf8 28. Ne2 Ka8 29. Nd3 Nd6 30. Ne5 Nc4 31. Nxc4 Qxc4 32. c3 Qb5 33. Qd3 Qb6 34. Ka2 Bd6 35. Be3 Ng7 36. Rch1 Rch8 37. Ng3 Qc7 38. Ne2 Nf5 39. Bf2 Bxf4 40. Nxf4 Qxf4 41. c4 Qe4 42. Qc3 dxc4 43. Qxc4 Qd5 44. b3 Rh5 45. a4 g5 46. Qxd5 exd5 47. Rf3 gxh4 48. Rf4 h3 49. Rh2 Nd6 0-1


[Site "https://www.chess.com"]

[Event "Titled Tuesday Blitz April 19 Early 2022"]
[White "Golubeva, Oksana"]
[Black "Lazov, Toni"]
[WhiteFideId "4170164"]
[BlackFideId "15000770"]
[WhiteElo "2162"]
[BlackElo "2321"]
[Result "1-0"]
[Round "03"]
[TimeControl "180+1"]
[Date "2022.04.19"]
[WhiteClock "0:00:51"]
[BlackClock "0:00:42"]

1. Nf3 Nf6 2. e3 g6 3. d4 Bg7 4. b3 O-O 5. Bb2 a5 6. a4 d6 7. Nbd2 Nc6 8. Nc4 Nd7 9. Be2 e5 10. dxe5 dxe5 11. O-O Qe7 12. Ba3 Nc5 13. Qd5 Nb4 14. Bxb4 axb4 15. Qd2 Ne4 16. Qc1 Nc3 17. Re1 Nxe2+ 18. Rxe2 e4 19. Nd4 c5 20. Nb5 Bxa1 21. Qxa1 Bg4 22. Rd2 Rfd8 23. Ncd6 Bd7 24. Nxb7 Bxb5 25. Nxd8 Be8 26. Qd1 h5 27. h3 h4 28. Rd6 Rc8 29. Qd5 Rc7 30. Nc6 Bxc6 31. Rxc6 Rd7 32. Qxc5 Rd1+ 33. Kh2 Qd7 34. Rc8+ Kh7 35. Rc7 Qe6 36. Qg5 Kg7 37. Qxh4 1-0


[Site "https://www.chess.com"]

[Event "Titled Tuesday Blitz April 19 Early 2022"]
[White "Golubovskis, Maksims"]
[Black "Jaracz, Pawel"]
[WhiteFideId "11608528"]
[BlackFideId "1102222"]
[WhiteElo "2070"]
[BlackElo "2429"]
[Result "0-1"]
[Round "03"]
[TimeControl "180+1"]
[Date "2022.04.19"]
[WhiteClock "0:00:22"]
[BlackClock "0:00:43"]

1. e4 c5 2. Nf3 Nc6 3. d4 cxd4 4. Nxd4 Nf6 5. Nc3 e5 6. Ndb5 d6 7. Bg5 a6 8. Na3 b5 9. Nd5 Be7 10. Bxf6 Bxf6 11. c3 O-O 12. Nc2 Rb8 13. Bd3 Bg5 14. Nce3 Be6 15. O-O g6 16. Qc2 Ne7 17. a4 Nxd5 18. Nxd5 Bxd5 19. exd5 f5 20. axb5 axb5 21. Ra7 e4 22. Be2 Rf7 23. Rxf7 Kxf7 24. Qb3 Qb6 25. Ra1 b4 26. Ra6 Qc5 27. Rc6 Qa7 28. Rxd6 Qa1+ 29. Bf1 e3 30. Qc4 Re8 31. Rd7+ Kf8 32. d6 exf2+ 33. Kh1 Qxf1+ 34. Qxf1 Re1 0-1


[Site "https://www.chess.com"]

[Event "Titled Tuesday Blitz April 19 Early 2022"]
[White "Gorshtein, Ido"]
[Black "Postnikov, Daniil"]
[WhiteFideId "2815532"]
[BlackFideId "4166329"]
[WhiteElo "2415"]
[BlackElo "2261"]
[Result "1-0"]
[Round "03"]
[TimeControl "180+1"]
[Date "2022.04.19"]
[WhiteClock "0:00:09"]
[BlackClock "0:00:01"]

1. Nf3 Nf6 2. g3 g6 3. Bg2 Bg7 4. O-O O-O 5. d4 d6 6. Re1 c6 7. e4 Nbd7 8. e5 Nd5 9. Bg5 dxe5 10. dxe5 f6 11. Bd2 Nxe5 12. Nxe5 fxe5 13. Nc3 Nxc3 14. Bxc3 Bf5 15. Qe2 Qd6 16. Rad1 Qc5 17. Rd2 Rad8 18. Red1 Rd6 19. a3 a5 20. h3 h5 21. Kh2 Kh7 22. Re1 Rfd8 23. g4 hxg4 24. hxg4 Bc8 25. Be4 Rxd2 26. Bxd2 Rh8 27. Kg2 Kg8 28. Be3 Qd6 29. Rd1 Qf6 30. Rd8+ Kf7 31. g5 Bh3+ 32. Kg3 Qe6 33. Rxh8 Bxh8 34. f3 Bf5 35. c4 Bg7 36. b4 axb4 37. axb4 Qd6 38. b5 Qa3 39. bxc6 bxc6 40. Bxc6 Bd3 41. Qd2 Bxc4 42. Qd8 Bf8 43. Bf2 Kg7 44. Be4 Qd6 45. Qc8 Qe6 46. Qe8 Qd6 47. Be3 Bf7 48. Qc8 Be6 49. Qc1 Bd5 50. Qh1 Bxe4 51. fxe4 Qe6 52. Qf3 Kg8 53. Qg4 Qxg4+ 54. Kxg4 Kf7 55. Kf3 Bg7 56. Bc5 Ke6 57. Ke3 Kd7 58. Kd3 Bf8 59. Kc4 Kc6 60. Bb4 Kd7 61. Kb5 Kc7 62. Bc5 1-0


[Site "https://www.chess.com"]

[Event "Titled Tuesday Blitz April 19 Early 2022"]
[White "Gracia Alvarez, Gerardo Antonio"]
[Black "Atakishiyev, Elmar"]
[WhiteFideId "5109124"]
[BlackFideId "13410547"]
[WhiteElo "2139"]
[BlackElo "2087"]
[Result "0-1"]
[Round "03"]
[TimeControl "180+1"]
[Date "2022.04.19"]
[WhiteClock "0:00:23"]
[BlackClock "0:00:41"]

1. c4 Nf6 2. Nc3 d6 3. d4 g6 4. e4 Bg7 5. Be2 O-O 6. Be3 e5 7. d5 Na6 8. g4 Nc5 9. f3 a5 10. h4 h5 11. g5 Nfd7 12. Qd2 a4 13. O-O-O c6 14. Kb1 Qa5 15. Nh3 Rb8 16. Nf2 Rd8 17. Rc1 Ra8 18. Rc2 Nb3 19. Qd1 Ndc5 20. Nd3 Nd4 21. Rd2 Bd7 22. Bf1 Ncb3 23. axb3 axb3 24. Kc1 Qa1+ 25. Nb1 Ra4 26. Ne1 Qxb1+ 27. Kxb1 Rda8 28. Qxb3 Ra1# 0-1


[Site "https://www.chess.com"]